 Dungeon Crawl Stone Soup version 0.25-a0-665-ga69d64035b (webtiles) character file.

Game seed: 17823200398907940010, levelgen mode: deterministic

1215 Esekla the Stinger (level 8, -1/51 HPs)
             Began as an Octopode Venom Mage on Mar 26, 2020.
             Was a Priest of Jiyva.
             Slain by a water moccasin (3 damage)
             ... on level 6 of the Dungeon.
             The game lasted 00:36:18 (5819 turns).

Esekla the Stinger (Octopode Venom Mage)            Turns: 5819, Time: 00:36:19

Health: -1/51      AC:  1    Str:  9    XL:     8   Next: 46%
Magic:  15/15      EV: 14    Int: 18    God:    Jiyva [***...]
Gold:   163        SH:  0    Dex: 12    Spells: 11/17 levels left

rFire    . . .     SeeInvis .   e - +0 short sword
rCold    . . .     Gourm    .   (no shield)
rNeg     . . .     Faith    .   (helmet restricted)
rPois    .         Spirit   .   (no amulet)
rElec    .         Reflect  .   (no ring)
rCorr    +         Harm     .   (no ring)
MR       .....                  (no ring)
Stlth    ++++......             (no ring)
HPRegen  0.17/turn              (no ring)
MPRegen  0.14/turn              (no ring)
                                (no ring)
                                (no ring)

@: lethally poisoned (-1 -> -5)
A: almost no armour, stealthy swim, amphibious, 8 rings, constrict 8, tentacle
spike 1, camouflage 1, blink, gelatinous body 1
a: Blink, Request Jelly, Renounce Religion


You were on level 6 of the Dungeon.
You worshipped Jiyva.
Jiyva was most pleased with you.
You were not hungry.

You visited 1 branch of the dungeon, and saw 6 of its levels.

You collected 163 gold pieces.

Inventory:

Hand Weapons
 e - a +0 short sword (weapon)
 x - a +0 trident
Missiles
 j - 52 poisoned darts
 q - 8 javelins (quivered)
Scrolls
 d - 2 scrolls of teleportation
 l - a scroll of magic mapping {unknown}
 n - a scroll of blinking {unknown}
 t - 2 scrolls of identify
Potions
 i - a potion of resistance
 m - 3 potions of stabbing
 s - a potion of mutation
 v - a potion of brilliance {unknown}
 w - a potion of flight {unknown}
Comestibles
 b - 6 rations


   Skills:
 * Level 2.8 Fighting
 + Level 2.1 Short Blades
 + Level 0.1 Throwing
 * Level 3.8 Dodging
 + Level 4.2 Stealth
 * Level 5.2 Spellcasting
 * Level 2.5 Conjurations
 - Level 1.0 Transmutations
 * Level 3.4 Air Magic
 + Level 5.7 Poison Magic


You had 11 spell levels left.
You knew the following spells:

 Your Spells              Type           Power        Failure   Level  Hunger
a - Sting                 Tmut/Pois      ###.         3%          1    None
c - Mephitic Cloud        Conj/Pois/Air  ###.....     8%          3    ##.....
v - Poisonous Vapours     Pois/Air       ###...       3%          2    #......

Your spell library contained the following spells:

 Spells                   Type           Power        Failure   Level  Hunger
 Olgreb's Toxic Radiance  Pois           ####....     12%         4    ####...
 Ignite Poison            Fire/Tmut/Pois ##......     16%         3    ##.....
 Iskenderun's Battlesphe  Conj/Chrm      #.......     91%         5    ######.
 Bolt of Magma            Conj/Fire/Erth #.........   95%         5    ######.
 Iron Shot                Conj/Erth      #.........   100%        6    #######
 Orb of Destruction       Conj           ##........   100%        7    #######
 Spellforged Servitor     Conj/Summ      #.........   100%        7    #######


Dungeon Overview and Level Annotations

Branches:
Dungeon (6/15)             Temple (0/1) D:4

Altars:
Dithmenos
Elyvilon
Fedhas
Kikubaaqudgha
Nemelex Xobeh
Qazlal
Ru
Sif Muna
Trog
Uskayaw
Xom
Yredelemnul
Jiyva

Shops:
D:6 :


Innate Abilities, Weirdness & Mutations

You cannot wear most types of armour.
You are very stealthy in the water. (Stealth+)
You are amphibious.
You can wear up to eight rings at the same time.
You can use your tentacles to constrict eight enemies at once.
Your skin changes colour to match your surroundings (Stealth+).
Your rubbery body absorbs attacks. (AC +1, EV +1)
One of your tentacles bears a spike.
You can translocate small distances at will.


Message History

The water moccasin is heavily wounded.
You constrict the water moccasin.
You feel sick. The water moccasin misses you.
You hit the water moccasin.
The water moccasin is severely wounded.
You constrict the water moccasin.
You feel sick. The water moccasin barely misses you.
The water moccasin bites you!
* * * LOW HITPOINT WARNING * * *
You feel yourself speed up.
You constrict the water moccasin.
* * * LOW HITPOINT WARNING * * *
You feel sick. The water moccasin misses you.
It was a potion of cancellation.
Your magical effects are unravelling.
You feel magically purged.
You feel yourself slow down.
You constrict the water moccasin. The water moccasin misses you.
It was a potion of magic.
Magic courses through your body.
You constrict the water moccasin.
* * * LOW HITPOINT WARNING * * *
You feel sick. The water moccasin misses you. The water moccasin bites you.
You die...

#.........##########
#.#######....†.....#
#.# ##########.##
####.########
####...##
#..))).....[#
#.......#
#.###)#####.#
##.##...## #.# #.#
##≈.≈##.## ##.# #.#
#≈≈.≈≈### ...# #.#
#@S∩≈≈# #### #.#
#≈≈≈≈≈# #.# ##≈≈≈##
#.# ##.## #.. #.#
..# ###


You could see a water moccasin.

Vanquished Creatures
  A water moccasin (D:6)
  2 orc warriors
  A sky beast (D:5)
  An ogre (D:5)
  A howler monkey (D:4)
  A crimson imp (D:5)
  5 orc wizards
  A hound (D:5)
  4 orc priests
  2 centaur skeletons (D:5)
  3 worker ants
  8 gnolls (D:2)
  12 adders
  3 oozes
  4 dart slugs (D:2)
  4 leopard geckos (D:2)
  12 orcs
  3 giant cockroaches
  6 goblins
  10 hobgoblins
  5 jackals
  10 kobolds
  2 quokkas
  7 bats
  3 frilled lizards
  A leopard gecko skeleton (D:5)
  12 rats
124 creatures vanquished.

Vanquished Creatures (others)
  Eustachio (D:4)
  An ogre (D:6)
  A bullfrog (D:6)
  A wyvern skeleton (D:4)
  A howler monkey (D:4)
  4 jellies
  A hound (D:6)
  3 orc wizards (D:4)
  A worker ant zombie (D:5)
  An adder (D:4)
  A shadow imp (D:5)
  An adder zombie (D:6)
  A dart slug (D:5)
  A worm (D:4)
  2 orcs (D:4)
  A frilled lizard (D:4)
22 creatures vanquished.

Grand Total: 146 creatures vanquished

Notes
Turn   | Place    | Note
-------+----------+-------------------------------------------
     0 | D:1      | Esekla the Octopode Venom Mage began the quest for the Orb.
     0 | D:1      | Reached XP level 1. HP: 11/11 MP: 3/3
    82 | D:1      | Reached XP level 2. HP: 14/18 MP: 5/5
   110 | D:2      | HP: 1/27 [hobgoblin (2)]
   437 | D:1      | Learned a level 2 spell: Poisonous Vapours
   682 | D:1      | Reached XP level 3. HP: 15/22 MP: 6/6
  1264 | D:1      | You fall into a shaft and drop 1 floor!
  1279 | D:2      | Learned a level 3 spell: Mephitic Cloud
  1349 | D:2      | Reached skill level 1 in Fighting
  1454 | D:2      | Reached XP level 4. HP: 23/28 MP: 7/7
  1522 | D:2      | Reached skill level 1 in Air Magic
  1583 | D:2      | Found a white marble altar of Elyvilon.
  1693 | D:2      | Found a basalt altar of Yredelemnul.
  1750 | D:2      | Reached skill level 1 in Short Blades
  1777 | D:2      | Found a blossoming altar of Fedhas.
  1779 | D:2      | Found an ancient bone altar of Kikubaaqudgha.
  1783 | D:2      | Reached XP level 5. HP: 31/33 MP: 0/9
  2082 | D:2      | Found a shimmering altar of Xom.
  2549 | D:3      | Found a stormy altar of Qazlal.
  2572 | D:3      | Found a shadowy altar of Dithmenos.
  3079 | D:3      | Reached XP level 6. HP: 26/38 MP: 3/10
  3282 | D:3      | Reached skill level 1 in Conjurations
  3311 | D:3      | Found a sacrificial altar of Ru.
  3323 | D:3      | Upgraded the game from 0.25-a0-663-gace7076f2c to
                  | 0.25-a0-665-ga69d64035b
  3439 | D:3      | Found a faded altar of an unknown god.
  3459 | D:3      | Became a worshipper of Jiyva Juesuqu the Shapeless
  3459 | D:3      | Reached * piety under Jiyva
  3504 | D:3      | Found a bloodstained altar of Trog.
  4148 | D:4      | Found a staircase to the Ecumenical Temple.
  4184 | D:4      | Reached ** piety under Jiyva
  4296 | D:4      | Found a shimmering blue altar of Sif Muna.
  4373 | D:4      | You fall into a shaft and drop 1 floor!
  4373 | D:5      | Entered Level 5 of the Dungeon
  4392 | D:5      | Reached skill level 5 in Poison Magic
  4392 | D:5      | Reached XP level 7. HP: 32/44 MP: 6/12
  5052 | D:5      | Reached XP level 8. HP: 29/51 MP: 2/15
  5401 | D:4      | Killed Eustachio
  5409 | D:4      | Found a sacrificial altar of Ru.
  5484 | D:4      | Found a hide-covered altar of Uskayaw.
  5484 | D:4      | Found a sparkling altar of Nemelex Xobeh.
  5612 | D:6      | Reached *** piety under Jiyva
  5661 | D:6      | Reached skill level 5 in Spellcasting
  5674 | D:6      | Gained mutation: Your spells are a little harder to cast,
                  | but a little more powerful. [Jiyva's grace]
  5790 | D:6      | Found Nues's Book Emporium.
  5807 | D:6      | Lost mutation: Your spells are a little harder to cast, but
                  | a little more powerful. [potion of mutation]
  5807 | D:6      | Gained mutation: You can translocate small distances at
                  | will. [potion of mutation]
  5807 | D:6      | Gained mutation: One of your tentacles bears a spike.
                  | [potion of mutation]
  5819 | D:6      | HP: 2/51 [poisoned by a water moccasin]
  5819 | D:6      | Slain by a water moccasin

Levels and vault maps discovered:
D:1:      dpeg_arrival_radiant, layout_basic, eino_curves_03
D:2:      layout_loops_corners, grunt_temple_overflow_growth_and_decay,
          kennysheep_ying_yang, old_standard_altar
D:3:      layout_rooms, nicolae_overflow_hidden_temple,
          lemuel_coloured_pillars_altar,
          nicolae_dithmenos_through_a_glass_darkly, old_standard_altar,
          chequers_ecumenical_altar_simple_redux, first_ration
D:4:      layout_basic, old_standard_altar, gammafunk_temple_overflow_pools,
          minmay_temple_entry_proselytizer, minmay_misc_feat_five,
          minmay_curled_crystal, nicolae_ru_awakened_eye, uniq_eustachio
D:5:      layout_cave_pods, guppyfry_early_orc_mine
D:6:      layout_loops_ring, serial_shops, nicolae_shop_waterfront, shop,
          nemelex_lonely_heart_becter

Skill      XL: |  1  2  3  4  5  6  7  8 |
---------------+-------------------------+-----
Poison Magic   | 4 5 |  5.7
Fighting       | 1 2 |  2.8
Air Magic      | 1 2 3 |  3.4
Short Blades   | 1 2 |  2.1
Stealth        | 3 4 |  4.2
Spellcasting   | 3 4 5 |  5.2
Conjurations   | 1 2 |  2.5
Dodging        | 3 |  3.8
Throwing       | |  0.1
Transmutations | |  1.0

Action                   |  1- 3 |  4- 6 |  7- 9 || total
-------------------------+-------+-------+-------++-------
Melee: Unarmed           |    23 |       |       ||    23
       Tentacles         |    12 |    12 |    15 ||    39
       Constrict         |    17 |    26 |    19 ||    62
       Dagger            |    13 |       |       ||    13
       Short sword       |    44 |    98 |    79 ||   221
       Kick              |       |       |     1 ||     1
Throw: Dart              |       |     4 |     2 ||     6
       Javelin           |       |       |     1 ||     1
 Cast: Sting             |    11 |       |       ||    11
       Poisonous Vapours |     8 |    42 |    34 ||    84
       Mephitic Cloud    |       |       |     3 ||     3
 Abil: Evoke Berserk Rag |     1 |       |       ||     1
  Use: Scroll            |       |     3 |     4 ||     7
       Potion            |       |       |     7 ||     7
 Stab: Sleeping          |     2 |     7 |     6 ||    15
       Confused          |       |       |     2 ||     2
       Distracted        |       |       |     1 ||     1
  Eat: Chunk             |     2 |     5 |     2 ||     9
       Ration            |       |     2 |       ||     2
Armor: Skin              |    13 |     5 |     7 ||    25
Dodge: Dodged            |    77 |    69 |    51 ||   197

Table legend:
 A = Non-vault XP
 B = Vault XP
 C = Vault XP percentage of total XP
 D = Non-vault monster count
 E = Vault monster count
 F = Vault count percentage of total count
                 A         B        C        D         E       F
            +---------+---------+-------+---------+---------+-------
      Total |    1474 |     262 |  15.1 |     116 |       8 |   6.5
            +---------+---------+-------+---------+---------+-------
        D:1 |      42 |       0 |   0.0 |      26 |       0 |   0.0
        D:2 |     230 |       0 |   0.0 |      42 |       0 |   0.0
        D:3 |     135 |       0 |   0.0 |      19 |       0 |   0.0
        D:4 |     105 |      41 |  28.1 |       4 |       1 |  20.0
        D:5 |     520 |     221 |  29.8 |      14 |       7 |  33.3
        D:6 |     442 |       0 |   0.0 |      11 |       0 |   0.0
            +---------+---------+-------+---------+---------+-------
